Map: Ulrena

Players

SticklerMac - Winner!

  • Race: Zerg Zerg
  • League: Platinum

Asbek

  • Race: Terran Terran
  • League: Platinum

VOD

Have the link to the VOD?

Description

Time

  • Played on: Nov. 15, 2015, 4:58 p.m.
  • Length: 14:11
Show
View Real Time Build Order
Export as new Build Order

SticklerMac Zerg - Winner!

Build Orders: Hatch First, Muta Ling Bane 

Get SALT Encoding   

  12  0:01  Drone  
  13  0:09  Drone  
  14  0:17  Overlord  
  14  0:35  Drone x3  
  17  0:49  Drone  
  18  0:58  Hatchery  
  18  1:00  Drone  
  18  1:05  Extractor  
  18  1:09  Drone  
  18  1:20  Spawning Pool  
  18  1:22  Drone  
  18  1:30  Overlord  
  18  1:40  Drone  
  19  1:53  Drone  
  20  2:01  Drone  
  20  2:07  Metabolic Boost  
  21  2:08  Queen  
  21  2:10  Queen  
  21  2:12  Drone  
  26  2:17  Drone, Extractor  
  26  2:23  Drone x2  
  28  2:33  Drone  
  28  2:34  Drone  
  30  2:48  Drone x2  
  32  3:03  Drone x2  
  32  3:04  Drone  
  35  3:06  Lair  
  35  3:09  Roach Warren  
  35  3:10  Drone  
  35  3:14  Drone  
  35  3:19  Overlord  
  36  3:29  Overlord  
  36  3:31  Overlord  
  36  3:37  Queen  
  38  3:51  Drone x3  
  38  3:52  Drone  
  42  3:56  Hatchery  
  42  3:57  Drone x2  
  42  3:58  Drone  
  42  4:01  Drone  
  45  4:04  Drone x2  
  45  4:09  Drone x2  
  49  4:11  Drone  
  50  4:19  Spire  
  49  4:24  Queen  
  49  4:30  Extractor  
  49  4:31  Drone x3, Extractor  
  52  5:03  Pneumatized Carapace  
  52  5:22  Drone x3  
  52  5:23  Drone x7  
  52  5:24  Drone x4  
  52  5:26  Overlord  
  66  5:41  Overlord  
  66  5:42  Overlord x3  
  66  5:47  Extractor x2  
  66  5:48  Zerg Flyer Weapons Level 1, Mutalisk  
  66  5:49  Mutalisk x4  
  74  6:01  Queen  
  76  6:06  Mutalisk x3  
  76  6:07  Mutalisk x2  
  86  6:18  Drone x4  
  90  6:19  Drone  
  91  6:33  Mutalisk x4  
  91  6:37  Mutalisk  
  101  6:45  Mutalisk  
  103  6:55  Drone x3  
  103  6:57  Overlord x5  
  103  6:58  Overlord  
  106  7:08  Overlord  
  106  7:09  Overlord x2  
  104  7:25  Mutalisk  
  104  7:26  Mutalisk x6  
  118  7:35  Zergling x2  
  118  7:36  Zergling x18  
  128  7:43  Zergling x2  
  129  7:48  Baneling Nest  
  129  7:51  Drone x3  
  131  8:04  Mutalisk x3  
  131  8:24  Mutalisk x3  
  131  8:26  Zergling x18  
  146  8:37  Centrifical Hooks  
  146  8:44  Mutalisk  
  146  8:45  Zergling x10  
  153  9:04  Mutalisk x3  
  153  9:05  Mutalisk x2  
  153  9:06  Zergling x6  
  153  9:07  Zergling x8  
  153  9:09  Overlord  
  170  9:10  Overlord x2  
  170  9:15  Hatchery  
  169  9:26  Hatchery  
  169  9:28  Hatchery  
  167  9:36  Hatchery  
  166  9:41  Zergling x2  
  166  9:42  Zergling x16  
  166  9:45  Baneling x9  
  175  9:46  Baneling x26  
  175  9:47  Baneling  
  175  9:52  Evolution Chamber  
  174  9:54  Evolution Chamber  
  173  10:05  Drone x2  
  173  10:06  Drone x4  
  179  10:07  Zergling x10  
  184  10:36  Mutalisk  
  184  10:37  Mutalisk x2  
  184  10:38  Zergling x20  
  184  10:40  Baneling  
  184  10:41  Baneling x22  
  184  10:42  Baneling  
  200  11:02  Overlord x4  
  200  11:22  Zerg Melee Weapons Level 1  
  200  11:24  Zerg Flyer Weapons Level 2  
  200  11:26  Zerg Ground Armor Level 1  
  200  11:39  Infestation Pit  
  147  11:56  Zergling x2  
  147  11:57  Zergling x56  
  147  11:58  Zergling x20  
  179  12:12  Zergling x14  
  176  12:59  Zergling x22  
  176  13:00  Zergling x26  
  176  13:02  Zergling x2  
  176  13:03  Zergling x2  
  181  13:20  Zergling x14  
  186  13:31  Queen  
  186  13:33  Queen  
  185  13:37  Zergling x6  
  185  13:38  Zergling x16  
  185  13:39  Zergling x2  
  197  13:42  Baneling  
  197  13:43  Baneling x3  
  197  13:47  Zergling x2  
  197  13:48  Zergling x10  
Show
View Real Time Build Order
Export as new Build Order

Asbek Terran 

Build Orders: Bio Tank, MMM Bio 

Get SALT Encoding   

  12  0:02  SCV  
  13  0:15  SCV  
  14  0:27  SCV, Supply Depot  
  15  0:37  Refinery  
  15  0:48  Refinery  
  15  0:49  SCV  
  16  0:53  Barracks  
  16  1:01  SCV  
  17  1:13  SCV  
  18  1:25  SCV  
  19  1:40  Marine  
  21  1:47  SCV  
  21  1:49  Bunker  
  21  2:06  Command Center  
  21  2:10  SCV  
  21  2:12  Marine  
  23  2:31  Supply Depot  
  23  2:35  Barracks  
  23  2:48  Barracks Tech Lab  
  23  2:49  Orbital Command  
  23  3:07  Marine  
  24  3:17  SCV, Engineering Bay  
  24  3:19  SCV  
  26  3:25  Marine  
  26  3:26  Marine  
  28  3:29  SCV  
  28  3:31  SCV  
  28  3:32  Supply Depot  
  30  3:37  Combat Shields  
  30  3:42  Marine  
  30  3:44  SCV  
  32  3:48  Factory  
  32  3:50  SCV  
  33  3:56  Orbital Command  
  33  4:02  Marine x2  
  35  4:12  SCV  
  36  4:20  Marine  
  38  4:24  Terran Infantry Weapons Level 1, Engineering Bay  
  37  4:34  Factory Tech Lab  
  37  4:35  Barracks Reactor  
  37  4:36  Barracks  
  37  4:37  Marine  
  37  4:38  SCV  
  39  4:39  Missile Turret  
  39  4:41  SCV  
  40  4:53  SCV  
  40  4:55  Siege Tank  
  40  4:56  Stimpack  
  44  5:04  Supply Depot  
  44  5:05  SCV x2  
  46  5:11  Supply Depot  
  46  5:16  Refinery  
  46  5:17  SCV  
  46  5:18  SCV  
  48  5:23  Missile Turret  
  48  5:26  Barracks Reactor  
  48  5:29  SCV  
  48  5:30  SCV, Marine x2  
  48  5:31  Marine  
  53  5:41  SCV  
  53  5:42  SCV  
  55  5:44  Terran Infantry Armor Level 1  
  55  5:47  Armory  
  55  5:48  Marine  
  56  5:53  Missile Turret  
  56  5:54  SCV  
  57  5:58  Starport, Missile Turret  
  57  6:00  SCV  
  57  6:03  Marine x2  
  60  6:05  Marine  
  60  6:07  SCV  
  62  6:15  Supply Depot  
  62  6:19  SCV x2  
  62  6:24  Siege Tank  
  67  6:31  SCV, Factory  
  68  6:37  Terran Infantry Weapons Level 2  
  68  6:39  Starport Reactor  
  68  6:41  Starport  
  68  6:43  SCV  
  68  6:46  SCV  
  70  6:47  Marine x2  
  70  6:48  Refinery  
  70  6:49  Marine x2  
  70  6:50  Marine  
  75  6:55  Supply Depot  
  75  6:56  SCV  
  75  6:58  SCV  
  77  7:04  Marine  
  78  7:09  Supply Depot  
  78  7:13  Concussive Shells  
  78  7:16  SCV, Marine x2  
  78  7:17  SCV  
  81  7:27  Missile Turret x2  
  81  7:30  Missile Turret, Marine x3  
  81  7:31  Factory Reactor  
  81  7:32  Supply Depot  
  81  7:35  Missile Turret  
  84  7:37  Missile Turret  
  84  7:42  Terran Infantry Armor Level 2  
  84  7:44  Missile Turret  
  84  7:47  Starport Reactor  
  84  7:49  Starport Tech Lab  
  84  7:51  Medivac x2  
  88  7:53  Missile Turret, Marine x3  
  88  7:54  SCV  
  92  8:01  Terran Vehicle And Ship Armor Level 1  
  92  8:05  Missile Turret  
  92  8:06  SCV  
  93  8:14  Command Center  
  93  8:19  SCV  
  94  8:32  Missile Turret  
  94  8:38  Missile Turret  
  94  8:44  Marine  
  94  8:45  Marine  
  94  8:46  Medivac x2  
  100  8:49  SCV  
  101  8:59  Supply Depot, Missile Turret  
  101  9:01  Supply Depot  
  101  9:06  Missile Turret  
  101  9:11  Marine  
  102  9:20  Widow Mine  
  102  9:21  Medivac, Barracks, Marine x4  
  102  9:22  Supply Depot x2, Widow Mine  
  102  9:23  SCV, Siege Tank  
  116  9:25  Supply Depot  
  116  9:41  SCV  
  117  9:49  Widow Mine  
  117  9:50  Widow Mine  
  121  9:55  Siege Tank  
  124  10:00  Missile Turret  
  124  10:01  Missile Turret  
  124  10:03  Missile Turret  
  124  10:04  Missile Turret x2  
  124  10:05  Refinery  
  124  10:07  Missile Turret  
  124  10:08  Marine x2  
  124  10:10  Orbital Command  
  126  10:20  SCV, Marine x2  
  129  10:22  SCV  
  129  10:25  Supply Depot x2  
  130  10:30  Marine x2  
  130  10:31  Siege Tank  
  130  10:32  SCV, Supply Depot  
  130  10:33  Supply Depot  
  130  10:34  SCV  
  137  10:38  Refinery  
  137  10:44  SCV, Missile Turret  
  137  10:45  Missile Turret  
  138  10:52  SCV  
  139  11:00  Terran Infantry Armor Level 3  
  139  11:03  Siege Tank  
  142  11:13  Missile Turret  
  142  11:18  Marine  
  142  11:19  Marine  
  142  11:24  Terran Infantry Weapons Level 3  
  144  11:30  Terran Vehicle And Ship Armor Level 2  
  144  11:33  Missile Turret  
  144  11:34  Marine x2  
  144  11:36  Siege Tank  
  149  11:53  Supply Depot  
  87  11:57  Marine x3  
  87  11:58  Marine x2  
  81  12:02  Barracks  
  81  12:08  Siege Tank  
  77  12:15  Marine x4  
  76  12:16  Supply Depot, Marine  
  76  12:18  Barracks Reactor  
  81  12:22  Barracks  
  81  12:33  Marine x4  
  85  12:40  Siege Tank  
  71  12:47  Marine  
  71  12:48  Marine  
  71  12:51  Marine x4  
  62  13:00  Orbital Command  
  62  13:05  Marine  
  58  13:06  Marine x3  
  58  13:08  Marine  
  58  13:09  Marine x3  
  59  13:13  Marine  
  59  13:17  SCV  
  60  13:22  Marine  
  60  13:24  Marine x3  
  60  13:26  Marine x2  
  60  13:27  Marine x2  
  65  13:29  SCV  
  64  13:36  Marine  
  64  13:40  Marine  
  66  13:42  SCV, Marine x3  
  66  13:48  Marine x3  
  70  13:54  SCV  
Tags
 
Add a new tag
Caveats
  • Supply blocks, unpowered buildings, or Contaminate may cause inaccurate times.
  • Supply counts are checked every 10 seconds.